 Dungeon Crawl Stone Soup version 0.21.1-1-g345015f (webtiles) character file.

1707 HandsomeConkers the Fighter (level 8, -1/69 HPs)
             Began as a Demonspawn Berserker on July 4, 2018.
             Was a Priest of Trog.
             Slain by dscm's ghost (2 damage)
             ... on level 6 of the Dungeon on July 16, 2018.
             The game lasted 00:40:35 (5898 turns).

HandsomeConkers the Fighter (Demonspawn Berserker)  Turns: 5898, Time: 00:40:35

Health: -1/69      AC: 15    Str: 19    XL:     8   Next: 73%
Magic:  8/8        EV:  6    Int: 10    God:    Trog [***...]
Gold:   80         SH:  3    Dex:  6    Spells: 7/7 levels left

rFire    . . .     SeeInvis .   a - +2 mace
rCold    . . .     Gourm    .   (no shield)
rNeg     . . .     Faith    .   x - +1 plate armour of Fediwues {rCorr}
rPois    .         Spirit   .   (no helmet)
rElec    .         Reflect  +   (no cloak)
rCorr    +         Harm     .   (no gloves)
MR       .....                  (boots unavailable)
Stlth    ..........             E - +3 amulet of reflection
HPRegen  0.21/turn              z - -6 ring of dexterity (curse)
MPRegen  0.11/turn              (no ring)

@: about to teleport, berserk cooldown, slowed, very slow
A: talons 3, molten scales 1, powered by death 1, powered by pain 2
a: Berserk, Trog's Hand, Burn Spellbooks, Renounce Religion


You were on level 6 of the Dungeon.
You worshipped Trog.
Trog was most pleased with you.
You were hungry.

You visited 1 branch of the dungeon, and saw 6 of its levels.

You collected 299 gold pieces.
You spent 219 gold pieces at shops.

Inventory:

Hand Weapons
 a - a +2 mace (weapon)
 h - a +0 hunting sling
 s - a +0 club
 C - a +0 quarterstaff of speed
 D - a +0 mace
 F - a +0 mace
 I - a +3 quarterstaff of chaos
Missiles
 n - 28 poisoned needles
Armour
 b - a +0 animal skin
 i - a +0 ring mail
 j - a +0 robe
 m - a +0 scale mail
 x - the +1 plate armour of Fediwues (worn) {rCorr}
   (You found it on level 4 of the Dungeon)

   It protects you from acid and corrosion.
Magical Staves
 y - an uncursed staff of summoning {unknown}
Jewellery
 z - a cursed -6 ring of dexterity (left hand)
 E - a +3 amulet of reflection (around neck)
Wands
 r - a wand of flame (32)
 H - a wand of acid (5)
Scrolls
 o - 3 scrolls of teleportation
 p - a scroll of fog
 v - a scroll of blinking
 w - a scroll of amnesia {unknown}
 G - a scroll of remove curse
Potions
 d - a potion of invisibility
 e - 2 potions of degeneration
 f - 4 potions of curing
 g - a potion of haste
 k - 2 potions of cancellation {unknown}
 l - a potion of resistance {unknown}
 q - 2 potions of magic
 t - 3 potions of heal wounds
 u - a potion of flight {unknown}
 A - a potion of mutation {unknown}
 B - 2 potions of brilliance {unknown}
Comestibles
 c - 2 rations
 J - 4 chunks of flesh


   Skills:
 * Level 8.5 Fighting
 + Level 5.7 Maces & Flails
 + Level 5.3 Armour
 - Level 1.7 Dodging


You had 7 spell levels left.
You didn't know any spells.

Dungeon Overview and Level Annotations

Branches:
Dungeon (6/15)             Temple (0/1) D:4

Altars:
Ashenzari
Kikubaaqudgha
Okawaru
Uskayaw

Shops:
D:4 }:   D:5 }=}:[

Annotations:
D:6 Pikel; dscm's ghost, novice OpFi


Innate Abilities, Weirdness & Mutations

You have claws for feet.
You are partially covered in molten scales. (AC +2)
You regenerate a little health from kills.
You sometimes gain power by taking damage.


Message History

Dscm's ghost hits you but does no damage.
The slave hits you but does no damage. The slave barely misses you.
The slave hits you.
* * * LOW HITPOINT WARNING * * *
Pikel hits you with a whip of freezing.
* * * LOW HITPOINT WARNING * * *
Pikel freezes you.
* * * LOW HITPOINT WARNING * * *
Dscm's ghost barely misses you. The slave hits you but does no damage.
You block the slave's attack. The slave hits you but does no damage.
Pikel hits you but does no damage.
Dscm's ghost hits you but does no damage.
The slave hits you.
* * * LOW HITPOINT WARNING * * *
The slave hits you but does no damage. The slave barely misses you.
Pikel hits you but does no damage.
There are monsters nearby!
As you read the scroll of teleportation, it crumbles to dust.
You feel strangely unstable. Dscm's ghost hits you.
You die...

#.....#.........o
#.....'.....$....
###...##.........
+####...##.....##..
.........#.....## .
.........#......#
.........#......#
#..........#WKp...#
#..........#.@p...#
..........#.p....#
#..###..#########
######..####'####..[
..........#.........
..........#.........
..........'.........
....##...##....##...
....##...##....# ..


You could see Pikel, 3 slaves and dscm's ghost.

Vanquished Creatures
  Grinder (D:4)
  Eustachio (D:5)
  A water moccasin (D:3)
  An ice beast (D:5)
  A slave (D:6)
  A phantom (D:5)
  An ogre (D:4)
  2 sky beasts
  A centaur (D:6)
  Blork the orc (D:5)
  A bullfrog (D:6)
  2 crimson imps (D:5)
  A hound (D:5)
  Crazy Yiuf (D:5)
  A jelly (D:5)
  2 orc wizards (D:4)
  An orc priest (D:4)
  2 centaur skeletons
  An iguana (D:5)
  2 worker ants (D:5)
  Natasha (D:3)
  2 hound skeletons
  3 gnolls (D:5)
  4 adders
  A shadow imp (D:5)
  2 oozes
  An adder skeleton (D:4)
  4 worms
  2 dart slugs
  9 leopard geckos
  7 orcs
  12 bats
  3 giant cockroaches
  15 goblins
  8 hobgoblins
  2 quokkas
  5 frilled lizards
  6 kobolds
  9 rats
121 creatures vanquished.

Notes
Turn   | Place    | Note
-------+----------+-------------------------------------------
     0 | D:1      | HandsomeConkers the Demonspawn Berserker began the quest for the Orb.
     0 | D:1      | Reached XP level 1. HP: 18/18 MP: 1/1
    47 | D:1      | Gained mutation: You have sharp toenails. [demonic ancestry]
    47 | D:1      | Reached XP level 2. HP: 24/24 MP: 2/2
   349 | D:1      | Gained mutation: You are partially covered in molten scales. (AC +2) [demonic ancestry]
   349 | D:1      | Reached XP level 3. HP: 27/30 MP: 3/3
   970 | D:2      | Reached ** piety under Trog
  1161 | D:2      | Reached skill level 4 in Fighting
  1203 | D:2      | Gained mutation: You have razor-sharp toenails. [demonic ancestry]
  1203 | D:2      | Reached XP level 4. HP: 30/37 MP: 4/4
  1434 | D:2      | Found an ancient bone altar of Kikubaaqudgha.
  2221 | D:3      | Noticed a water moccasin
  2230 | D:3      | Killed a water moccasin
  2230 | D:3      | Gained mutation: You regenerate a little health from kills. [demonic ancestry]
  2230 | D:3      | Reached XP level 5. HP: 41/43 MP: 5/5
  2282 | D:3      | Found a faded altar of an unknown god.
  2342 | D:3      | Found a shattered altar of Ashenzari.
  2348 | D:3      | Reached skill level 5 in Fighting
  2778 | D:3      | Noticed Natasha
  2783 | D:3      | Killed Natasha
  2864 | D:4      | Gained mutation: You have claws for feet. [demonic ancestry]
  2864 | D:4      | Reached XP level 6. HP: 51/51 MP: 6/6
  2877 | D:4      | Found a staircase to the Ecumenical Temple.
  2891 | D:4      | Reached *** piety under Trog
  3006 | D:4      | Noticed Grinder
  3017 | D:4      | Paralysed by Grinder for 3 turns
  3033 | D:4      | Killed Grinder
  3033 | D:4      | Reached skill level 6 in Fighting
  3033 | D:4      | Gained mutation: You sometimes gain a little power by taking damage. [demonic ancestry]
  3033 | D:4      | Reached XP level 7. HP: 14/58 MP: 7/7
  3459 | D:4      | Got a transparent plate armour
  3504 | D:4      | Identified the +1 plate armour of Fediwues {rCorr} (You found it on level 4 of the Dungeon)
  3795 | D:4      | Found Iqew's Gadget Shoppe.
  3870 | D:4      | Found Plog's Book Shop.
  4112 | D:4      | Found a hide-covered altar of Uskayaw.
  4245 | D:5      | Entered Level 5 of the Dungeon
  4425 | D:5      | Found Tehaf's Gadget Shop.
  4437 | D:5      | Found Muenuo's Jewellery Shop.
  4440 | D:5      | Bought a +3 amulet of reflection for 219 gold pieces
  4530 | D:5      | Found Eddysy's Gadget Emporium.
  4734 | D:5      | Found Vuluddeana's Book Shop.
  4735 | D:5      | Noticed Eustachio
  4750 | D:5      | Killed Eustachio
  4750 | D:5      | Reached skill level 7 in Fighting
  4750 | D:5      | Reached skill level 5 in Maces & Flails
  4750 | D:5      | Gained mutation: You sometimes gain power by taking damage. [demonic ancestry]
  4750 | D:5      | Reached XP level 8. HP: 67/67 MP: 8/8
  4823 | D:5      | Found an iron altar of Okawaru.
  4877 | D:5      | Noticed Blork the orc
  4890 | D:5      | Killed Blork the orc
  5108 | D:5      | Found Reitu's Antique Armour Boutique.
  5180 | D:5      | Reached skill level 8 in Fighting
  5180 | D:5      | Reached skill level 5 in Armour
  5312 | D:5      | Found a runed door.
  5316 | D:5      | Noticed Crazy Yiuf
  5358 | D:5      | Killed Crazy Yiuf
  5858 | D:6      | Noticed dscm's ghost (novice OpFi)
  5863 | D:6      | Noticed Pikel
  5897 | D:6      | HP: 1/69 [slave[Pikel] (5)]
  5898 | D:6      | Slain by dscm's ghost

Skill      XL: |  1  2  3  4  5  6  7  8 |
---------------+-------------------------+-----
Armour         | 2 3 4 5 |  5.3
Maces & Flails | 3 4 5 |  5.7
Fighting       | 4 5 6 7 8 |  8.5
Dodging        | |  1.7

Action                   |  1- 3 |  4- 6 |  7- 9 || total
-------------------------+-------+-------+-------++-------
Melee: Mace              |    87 |    95 |   241 ||   423
       Kick              |    16 |    33 |    46 ||    95
Invok: Berserk           |     1 |     2 |     4 ||     7
  Use: Scroll            |     4 |     4 |     4 ||    12
       Potion            |       |     4 |     1 ||     5
  Eat: Chunk             |     2 |     4 |     6 ||    12
       Ration            |       |     1 |     2 ||     3
Armor: Animal skin       |    10 |       |       ||    10
       Ring mail         |    22 |    18 |       ||    40
       Scale mail        |       |    22 |     1 ||    23
       Plate armour      |       |       |   166 ||   166
       Skin              |       |       |    62 ||    62
Dodge: Dodged            |    54 |    58 |    82 ||   194
Block: Other             |       |       |    30 ||    30
